 Dungeon Crawl Stone Soup version 0.17-a0-1642-gd4b747b (webtiles) character file.

7760 maniek23 the Carver (level 11, -8/97 HPs)
             Began as a Minotaur Fighter on Aug 8, 2015.
             Was a Priest of Ashenzari.
             Mangled by Snorg (11 damage)
             ... on level 10 of the Dungeon.
             The game lasted 00:36:01 (9080 turns).

maniek23 the Carver (Minotaur Fighter)              Turns: 9080, Time: 00:36:01

Health: -8/97      AC: 17    Str: 30    XL:     11   Next: 1%
Magic:  0/12       EV: 13    Int:  5    God:    Ashenzari [***...]
Gold:   318        SH: 13    Dex: 12    Spells: 0 memorised, 10 levels left

rFire  . . .     SeeInvis +     O - +3 long sword (venom)
rCold  . . .     Clarity  .     b - +0 scale mail (curse)
rNeg   . . .     SustAt   .     c - +0 shield (curse)
rPois  +         Gourm    .     (helmet restricted)
rElec  .         Spirit   +     A - +2 cloak (curse)
rCorr  .         Warding  .     E - +2 pair of gloves {Str+3} (curse)
rMut   .         Stasis   .     F - +0 pair of boots
MR     .....                    M - amulet of guardian spirit (curse)
Stlth  ..........               (no ring)
                                (no ring)

@: mighty, not resistant to hostile enchantments, extremely unstealthy
A: retaliatory headbutt, horns 2, poison resistance, subdued magic 1
a: Scrying, Renounce Religion


You were on level 10 of the Dungeon.
You worshipped Ashenzari.
Ashenzari was most pleased with you.
You were not hungry.

You visited 2 branches of the dungeon, and saw 11 of its levels.

You collected 430 gold pieces.
You spent 112 gold pieces at shops.

Inventory:

Hand weapons
 a - a +0 long sword
 O - a +3 long sword of venom (weapon)
Missiles
 y - 19 bolts
Armour
 b - a cursed +0 scale mail (worn)
 c - a cursed +0 shield (worn)
 A - a cursed +2 cloak (worn)
 D - a +2 scale mail of positive energy
 E - a cursed +2 pair of gloves of strength (worn)
 F - a +0 pair of boots (worn)
Jewellery
 M - a cursed amulet of guardian spirit (around neck)
 N - an uncursed ring of stealth
Magical devices
 V - a wand of flame (21)
Scrolls
 i - a scroll of curse jewellery
 j - 3 scrolls of recharging {unknown}
 k - 7 scrolls of enchant armour
 o - 2 scrolls of fog {unknown}
 s - 5 scrolls of amnesia
 t - 2 scrolls of fear {unknown}
 u - 4 scrolls of noise {unknown}
 v - a scroll of magic mapping {unknown}
 B - 3 scrolls of enchant weapon {unknown}
 C - 3 scrolls of teleportation {unknown}
 U - 3 scrolls of immolation {unknown}
Potions
 d - 3 potions of might
 h - 4 potions of cure mutation
 l - 4 potions of haste
 m - 2 potions of ambrosia
 n - 4 potions of flight
 q - 2 potions of degeneration
 r - 3 potions of invisibility
 x - a potion of mutation
 z - 2 potions of agility
 W - a potion of cancellation {unknown}
 X - a potion of berserk rage {unknown}
Books
 g - a Fen Folio

   Spells                             Type                      Level
   a - Corpse Rot                     Necromancy                   2
   b - Stone Arrow                    Conjuration/Earth            3
   c - Leda's Liquefaction            Hexes/Earth                  4
   d - Summon Forest                  Summoning/Translocation      5
   e - Hydra Form                     Transmutation                6
   f - Summon Hydra                   Summoning                    7
 w - a book of Geomancy

   Spells                             Type                      Level
   a - Sandblast                      Earth                        1
   b - Stoneskin                      Transmutation/Earth          2
   c - Passwall                       Transmutation/Earth          3
   d - Stone Arrow                    Conjuration/Earth            3
   e - Petrify                        Transmutation/Earth          4
   f - Lee's Rapid Deconstruction     Earth                        5
 J - a book of Maledictions

   Spells                             Type                      Level
   a - Corona                         Hexes                        1
   b - Ensorcelled Hibernation        Hexes/Ice                    2
   c - Confuse                        Hexes                        3
   d - Tukima's Dance                 Hexes                        3
   e - Dazzling Spray                 Conjuration/Hexes            3
 R - a book of Minor Magic

   Spells                             Type                      Level
   a - Magic Dart                     Conjuration                  1
   b - Blink                          Translocation                2
   c - Call Imp                       Summoning                    2
   d - Repel Missiles                 Charms/Air                   2
   e - Slow                           Hexes                        2
   f - Conjure Flame                  Conjuration/Fire             3
   g - Mephitic Cloud                 Conjuration/Poison/Air       3
 S - a book of Burglary

   Spells                             Type                      Level
   a - Swiftness                      Charms/Air                   2
   b - Passwall                       Transmutation/Earth          3
   c - Passage of Golubria            Translocation                4
   d - Lee's Rapid Deconstruction     Earth                        5
   e - Darkness                       Hexes                        6
   f - Invisibility                   Hexes                        6
 T - a book of Power

   Spells                             Type                      Level
   a - Fulminant Prism                Conjuration/Hexes            4
   b - Iskenderun's Mystic Blast      Conjuration                  4
   c - Venom Bolt                     Conjuration/Poison           5
   d - Bolt of Magma                  Conjuration/Fire/Earth       5
   e - Iron Shot                      Conjuration/Earth            6
   f - Orb of Destruction             Conjuration                  7
   g - Spellforged Servitor           Conjuration/Summoning        7
Miscellaneous
 P - a lantern of shadows
 Q - a sack of spiders
Comestibles
 e - 16 bread rations
 p - 8 meat rations
 G - 22 chunks of flesh
 I - 6 beef jerkies
 K - 3 fruits
 L - a slice of pizza


   Skills:
 + Level 9.1 Fighting
 * Level 11.6 Long Blades
 + Level 9.5(11.3) Armour
 - Level 5.1(7.0) Dodging
 - Level 0.6 Stealth
 + Level 9.5(11.3) Shields
 + Level 3.0 Evocations


You had 10 spell levels left.
You didn't know any spells.

Dungeon Overview and Level Annotations

Branches:
Dungeon (10/15)            Temple (1/1) D:7            Lair (0/8) D:10
    Orc (0/4) D:10

Altars:
Ashenzari
Cheibriados
Dithmenos
Elyvilon
Fedhas
Gozag
Kikubaaqudgha
Makhleb
Nemelex Xobeh
Okawaru
Qazlal
Ru
Sif Muna
Trog
Vehumet
Xom
Yredelemnul
Zin
The Shining One

Shops:
D:5 %[[[

Annotations:
D:10 Snorg


Innate Abilities, Weirdness & Mutations

You reflexively headbutt those who attack you in melee.
You have a pair of horns on your head.
Your system is resistant to poisons.
Your spells are a little easier to cast, but a little less powerful.


Message History

You block Snorg's attack. Snorg closely misses you. Snorg closely misses you.
Snorg bites you but does no damage. Snorg claws you! Snorg claws you!
You hear a shout!
You hit Snorg. You headbutt Snorg!
Snorg is severely wounded.
You block Snorg's attack. x2
Snorg claws you.
An orc comes into view. It is wielding a dagger.
You slash Snorg!
Snorg is almost dead.
You block Snorg's attack. Snorg claws you!
* * * LOW HITPOINT WARNING * * *
You block Snorg's attack.
Drink which item? (? for menu, Esc to quit)
You feel very mighty all of a sudden. You block Snorg's attack.
Snorg barely misses you. Snorg completely misses you. Snorg barely misses you.
Snorg claws you!
* * * LOW HITPOINT WARNING * * *
Snorg claws you!
You die...

, .....#...##
##..[#.)))(##)##. *
#.'.8.#
#.8)))###.##รท##.
*....#...# #...###
#.##.##. * *.##
##'########## #>##.##[
, * * ***
#.##....########.##.##.
*
#....#.###........#.##.
* ####.#.#
#.#####..#.##. , ,*
#.#>#*.........).##o *
* #.#@# ..#####..####.
#.#.To...........)(.
#.####.(###########. *
#.# .# #. ,* *.#* * ,#
** ##. * ,, , , #.. * ,
<* ######. , * * *
#...... * * #)#####


You could see Snorg (berserk) and an orc.

Vanquished Creatures
  2 gargoyles (D:10)
  A kobold demonologist (D:9)
  A two-headed ogre (D:10)
  2 steam dragons
  3 wyverns
  7 yaks
  Menkaure (D:7)
  A water moccasin (D:9)
  Edmund (D:5)
  3 ice beasts
  3 orc warriors
  Duvessa (D:5)
  A wasp (D:9)
  2 centaurs
  5 sky beasts
  3 phantoms (D:9)
  2 ogres
  A big kobold (D:8)
  2 giant frogs
  Dowan (D:5)
  4 scorpions
  6 killer bees (D:10)
  A centaur zombie (D:8)
  2 crimson imps
  3 giant frog zombies
  11 orc priests
  3 jellies
  9 hounds
  3 giant frog skeletons
  15 orc wizards
  10 worker ants
  3 hound skeletons
  3 worker ant zombies
  Robin (D:2)
  A river rat (D:10)
  14 gnolls
  17 adders
  3 oozes
  An adder zombie (D:6)
  A worm (D:2)
  8 giant geckos
  53 orcs
  14 bats
  5 giant cockroaches
  9 hobgoblins
  7 jackals
  14 kobolds
  3 quokkas
  2 ball pythons
  A giant gecko skeleton (D:5)
  2 giant gecko zombies (D:5)
  5 giant newts
  14 goblins
  2 quokka skeletons
  8 rats
301 creatures vanquished.

Vanquished Creatures (others)
  4 fungi (D:10)
  3 plants (D:10)
7 creatures vanquished.

Grand Total: 308 creatures vanquished

Notes
Turn   | Place    | Note
--------------------------------------------------------------
     0 | D:1      | maniek23 the Minotaur Fighter began the quest for the Orb.
     0 | D:1      | Reached XP level 1. HP: 19/19 MP: 0/0
    94 | D:1      | Found a shattered altar of Ashenzari.
   101 | D:1      | Reached skill level 4 in Fighting
   134 | D:1      | Reached XP level 2. HP: 27/27 MP: 1/1
   219 | D:1      | Became a worshipper of Ashenzari the Shackled
   791 | D:2      | Reached XP level 3. HP: 33/33 MP: 2/2
   800 | D:2      | Reached skill level 1 in Dodging
   837 | D:2      | Noticed Robin
   846 | D:2      | Killed Robin
  1046 | D:2      | Reached XP level 4. HP: 24/41 MP: 3/3
  1408 | D:3      | Reached XP level 5. HP: 47/47 MP: 4/4
  1480 | D:3      | Found a snail-covered altar of Cheibriados.
  2128 | D:4      | Acquired Ashenzari's first power
  2318 | D:4      | Reached skill level 5 in Fighting
  2388 | D:4      | Reached skill level 5 in Shields
  2388 | D:4      | Reached XP level 6. HP: 56/56 MP: 5/5
  2658 | D:5      | Entered Level 5 of the Dungeon
  2661 | D:5      | Found Feumily's Antique Armour Shoppe.
  2661 | D:5      | Found Isioff's Armour Boutique.
  2752 | D:5      | Noticed Duvessa
  3046 | D:5      | Noticed Edmund
  3233 | D:5      | Reached skill level 5 in Armour
  3272 | D:4      | Reached skill level 5 in Long Blades
  3385 | D:5      | Reached XP level 7. HP: 46/61 MP: 6/6
  3555 | D:5      | Noticed Dowan
  3934 | D:5      | Found Vomu's Antique Armour Boutique.
  4004 | D:5      | Killed Edmund
  4033 | D:5      | Reached skill level 6 in Armour
  4057 | D:5      | Reached XP level 8. HP: 69/69 MP: 7/7
  4081 | D:5      | Bought a pair of runed gloves for 112 gold pieces
  4124 | D:5      | Killed Duvessa
  4138 | D:5      | Killed Dowan
  4203 | D:5      | Found a deep blue altar of Sif Muna.
  4334 | D:5      | Reached skill level 5 in Dodging
  4392 | D:5      | Found Ycuol's Food Shoppe.
  4778 | D:6      | Reached skill level 7 in Shields
  4789 | D:6      | Found an opulent altar of Gozag.
  5320 | D:7      | Noticed Menkaure
  5325 | D:7      | Killed Menkaure
  5325 | D:7      | Reached XP level 9. HP: 45/77 MP: 8/8
  5583 | D:7      | Found an ancient bone altar of Kikubaaqudgha.
  5640 | D:7      | Reached skill level 8 in Long Blades
  5723 | D:7      | Acquired Ashenzari's second power
  5842 | D:7      | Found a staircase to the Ecumenical Temple.
  6009 | Temple   | Entered the Ecumenical Temple
  6345 | D:8      | Gained mutation: Your flesh is cold resistant. [mutagenic meat]
  6346 | D:8      | Gained mutation: Your spells are a little easier to cast, but a little less powerful. [mutagenic meat]
  6347 | D:8      | Gained mutation: Your system is resistant to poisons. [mutagenic meat]
  6397 | D:8      | Reached skill level 9 in Long Blades
  6963 | D:8      | Reached skill level 10 in Long Blades
  6980 | D:8      | Reached XP level 10. HP: 28/88 MP: 2/9
  7373 | D:9      | Noticed a kobold demonologist
  7379 | D:9      | Killed a kobold demonologist
  7608 | D:9      | Reached skill level 1 in Evocations
  8002 | D:10     | Entered Level 10 of the Dungeon
  8048 | D:10     | Reached skill level 11 in Long Blades
  8086 | D:10     | Lost mutation: Your flesh is cold resistant. [mutagenic meat]
  8118 | D:10     | Found a staircase to the Lair.
  8165 | D:10     | Acquired Ashenzari's third power
  8977 | D:10     | Found a staircase to the Orcish Mines.
  9025 | D:10     | Reached XP level 11. HP: 66/97 MP: 12/12
  9064 | D:10     | Noticed Snorg
  9080 | D:10     | HP: 3/97 [Snorg (15)]
  9080 | D:10     | Mangled by Snorg

Vault maps used:
D:1:      onia_arrival_larder, ashenzari_altar_1
D:2:      first_bread, minmay_misc_feat_alley, uniq_robin
D:3:      cheibriados_altar_1
D:5:      lemuel_blue_sif_altar, serial_shops, nicolae_shop_overgrown_old_shop,
          shop, kennysheep_little_box, shop, uniq_duvessa, uniq_edmund
D:6:      corexii_shack_village, grunt_gozag_breadcrumbs
D:7:      kennysheep_mini_moat, minmay_temple_entry_junction, grunt_ogre_cave,
          hangedman_abyss_or_decor_stabs, amalloy_card_club, uniq_menkaure
D:9:      minmay_diamond_spiral
D:10:     due_lair_maze_entry_diamond, hiddenorc2_lemuel, minmay_fountain_box,
          serial_bayou_lake_a, uniq_snorg
Temple:   nicolae_temple_no_exploring_needed

Action                   |  1- 3 |  4- 6 |  7- 9 | 10-12 || total
-------------------------+-------+-------+-------+-------++-------
Melee: Long sword        |   129 |   226 |   382 |   308 ||  1045
Throw: Throwing net      |       |       |       |     2 ||     2
  Use: Scroll            |       |     2 |    10 |     4 ||    16
       Potion            |       |     2 |       |     2 ||     4
  Eat: Chunk             |       |     8 |    10 |    10 ||    28
       Meat ration       |       |       |     1 |       ||     1
